 Dungeon Crawl Stone Soup version 0.24-a0-309-g1095bcad4c (webtiles) character file.

Game seed: 450710629920951944

82 FluffierThanThou the Skirmisher (level 4, -2/41 HPs)
             Began as a Minotaur Fighter on May 14, 2019.
             Killed by divine providence
             ... invoked by an orc priest
              (15 damage)
             ... on level 2 of the Dungeon.
             The game lasted 00:05:30 (1434 turns).

FluffierThanThou the Skirmisher (Minotaur Fighter)  Turns: 1434, Time: 00:05:31

Health: -2/41      AC:  7    Str: 22    XL:     4   Next: 21%
Magic:  3/3        EV:  7    Int:  5    God:
Gold:   84         SH:  9    Dex:  9    Spells: 3/3 levels left

rFire    + . .     SeeInvis .   a - +0 war axe
rCold    + . .     Gourm    .   c - +0 shield
rNeg     . . .     Faith    .   b - +0 scale mail
rPois    .         Spirit   .   (helmet restricted)
rElec    .         Reflect  .   g - scarf {rC+ rF+}
rCorr    .         Harm     .   (no gloves)
MR       .....                  (no boots)
Stlth    ..........             (no amulet)
HPRegen  0.13/turn              (no ring)
MPRegen  0.08/turn              (no ring)

@: no status effects
A: retaliatory headbutt, horns 2
a: no special abilities


You were on level 2 of the Dungeon.
You were not hungry.

You visited 1 branch of the dungeon, and saw 2 of its levels.

You collected 84 gold pieces.

Inventory:

Hand Weapons
 a - a +0 war axe (weapon)
Armour
 b - a +0 scale mail (worn)
 c - a +0 shield (worn)
 g - a scarf of resistance (worn)
Scrolls
 e - a scroll of magic mapping {unknown}
 h - a scroll of immolation {unknown}
 j - 2 scrolls of blinking {unknown}
 k - 3 scrolls of teleportation {unknown}
 m - a scroll of random uselessness {unknown}
 n - 2 scrolls of identify {unknown}
 r - a scroll of enchant armour {unknown}
Potions
 d - a potion of might
 i - a potion of agility {unknown}
 l - a potion of berserk rage {unknown}
 o - a potion of curing {unknown}
 q - a potion of heal wounds {unknown}
Comestibles
 f - a ration
 p - 4 chunks of flesh


   Skills:
 * Level 4.8 Fighting
 + Level 3.4 Axes
 + Level 4.1 Armour
 + Level 0.1 Dodging
 + Level 4.1 Shields


You had 3 spell levels left.
You didn't know any spells.
Your spell library contained the following spells:

 Spells                   Type           Power        Failure   Level  Hunger
 Beastly Appendage        Tmut           #.....       99%         1    ##.....
 Sticks to Snakes         Tmut           #.......     100%        2    ###....
 Spider Form              Tmut/Pois      #.........   100%        3    ####...
 Ice Form                 Ice/Tmut       #.......     100%        4    #####..
 Blade Hands              Tmut           #.........   100%        5    ######.


Dungeon Overview and Level Annotations

Branches:
Dungeon (2/15)

Altars:
Qazlal


Innate Abilities, Weirdness & Mutations

You reflexively headbutt those who attack you in melee.
You have a pair of horns on your head.


Message History

The leopard gecko bites you but does no damage. x2
You closely miss the leopard gecko.
The leopard gecko completely misses you.
You furiously retaliate!
You headbutt the leopard gecko.
You kill the leopard gecko!
Found an escape hatch in the ceiling.
An orc and 2 orc priests come into view.
The orc priest invokes the aid of Beogh against you.
Beogh smites you!
The orc priest moves out of view.
The orc moves out of view.
You start resting.
The orc priest is too close now for your liking.
The orc priest hits you but does no damage.
You closely miss the orc priest. You slash the orc priest!
You block the orc priest's attack.
The orc priest mumbles some strange prayers to Beogh against you.
Beogh smites you!
An orc comes into view. It is wielding a +0 falchion.
The orc priest invokes the aid of Beogh against you.
Beogh smites you!
You die...

. .o #####... # ...o..
.. #. #.o. ....#.##o#
.# ........@#####...#
.###..#.o........#
..## #.. ##.........#
........ ...
#..#####...#
..##....... ##.## ###
..##...... #..#
..........# #.##
....#.....# #.#
..........####.######.


You could see 2 orc priests and 2 orcs.

Vanquished Creatures
  Robin (D:2)
  An adder (D:2)
  An ooze (D:1)
  A worm (D:2)
  4 dart slugs
  3 leopard geckos
  A ball python (D:1)
  A giant cockroach (D:1)
  8 goblins
  6 hobgoblins
  4 jackals (D:1)
  4 kobolds (D:1)
  3 bats
  A frilled lizard (D:2)
  3 rats
42 creatures vanquished.

Notes
Turn   | Place    | Note
-------+----------+-------------------------------------------
     0 | D:1      | FluffierThanThou the Minotaur Fighter began the quest for
                  | the Orb.
     0 | D:1      | Reached XP level 1. HP: 19/19 MP: 0/0
   150 | D:1      | Reached XP level 2. HP: 22/27 MP: 1/1
   547 | D:1      | Reached XP level 3. HP: 34/34 MP: 2/2
  1038 | D:2      | Noticed Robin
  1313 | D:2      | Found a stormy altar of Qazlal.
  1357 | D:2      | Killed Robin
  1357 | D:2      | Reached XP level 4. HP: 39/41 MP: 3/3
  1434 | D:2      | Killed from afar by an orc priest

Levels and vault maps discovered:
D:1:      dpeg_arrival_rhombi, layout_loops_corners,
          hangedman_abyss_or_decor_stabs
D:2:      layout_rooms, lemuel_round_altar, uniq_robin

Skill      XL: |  1  2  3 |
---------------+----------+-----
Fighting       | 4 |  4.8
Shields        | 4 |  4.1
Axes           | 3 |  3.4
Armour         | 4 |  4.1
Dodging        | |  0.1

Action                   |  1- 3 |  4- 6 || total
-------------------------+-------+-------++-------
Melee: War axe           |    76 |    12 ||    88
       Headbutt          |     6 |     1 ||     7
  Eat: Chunk             |     1 |     1 ||     2
Armor: Scale mail        |    36 |    10 ||    46
Dodge: Dodged            |    26 |     6 ||    32
Block: Shield            |    58 |    13 ||    71

Table legend:
 A = Non-vault XP
 B = Vault XP
 C = Vault XP percentage of total XP
 D = Non-vault monster count
 E = Vault monster count
 F = Vault count percentage of total count
                 A         B        C        D         E       F
            +---------+---------+-------+---------+---------+-------
      Total |      83 |      35 |  29.7 |      31 |      11 |  26.2
            +---------+---------+-------+---------+---------+-------
        D:1 |      50 |       0 |   0.0 |      22 |       0 |   0.0
        D:2 |      33 |      35 |  51.5 |       9 |      11 |  55.0
            +---------+---------+-------+---------+---------+-------
